[Event "Saturday 27 January Rapid Engine Tour 12+1 Rounds 9 Starts 1600 ST"]
[Site "Infinity Chess"]
[Date "2018.1.27"]
[Round "5"]
[White "IronMan"]
[Black "Thinker"]
[Result "1/2-1/2"]
[ECO "C50"]
[WhiteElo "2415"]
[BlackElo "2450"]
[WhiteEngine "SF SL FA 250118-IDeA"]
[BlackEngine "BrainFish_180124_x64_modern_CTG"]
[EventType "Swiss"]
[WhiteTeam ""]
[BlackTeam ""]
[PlyCount "129"]
[TimeControl "720+1"]

1. e4 e5 2. Nf3 Nc6 3. Bc4 Bc5 4. O-O Nf6 5. d3 d6 6. c3 O-O 7. a4 a6 8. Re1 Ng4 
9. Re2 Ba7 10. h3 Nf6 11. Re1 h6 12. Nbd2 Re8 13. b4 Be6 14. Bxe6 Rxe6 
15. Qc2 Qd7 16. Rb1 Ree8 17. Nf1 b5 18. a5 Ne7 19. Be3 Bxe3 20. Nxe3 Ng6 
21. Nf5 Rad8 22. c4 bxc4 23. Qxc4 d5 24. Qc3 Qb5 25. Rb3 Qb7 26. Qc2 Re6 
27. g3 Ne7 28. Kh2 Rb8 29. Nxe7+ Rxe7 30. Nd2 c6 31. Reb1 Qa7 32. Kg2 Re6 
33. Rc3 Qc7 34. Rb2 Qb7 35. Rb1 Qc7 36. Rb2 Qb7 37. Kh2 Qa8 38. Qc1 Rb5 
39. Rbc2 dxe4 40. dxe4 Rxb4 41. Rxc6 Kh7 42. Rc8 Qa7 43. Kg2 Qd4 44. Qa3 Ne8 
45. Qf3 Nd6 46. R8c6 Rf6 47. Qe2 Ra4 48. Rxa6 Nxe4 49. Rxf6 Nxf6 50. Qb5 Ra3 
51. Qc4 Nd5 52. Qxd4 exd4 53. Rc5 Nb4 54. h4 f6 55. Kf1 d3 56. f3 Ra1+ 
57. Kf2 Rh1 58. Ke3 Rh2 59. Rc4 Re2+ 60. Kd4 Rxd2 61. Rxb4 Ra2 62. Kxd3 Rxa5 
63. Rb6 Re5 64. Ra6 h5 65. Ra7 1/2-1/2

[Event "Saturday 27 January Rapid Engine Tour 12+1 Rounds 9 Starts 1600 ST"]
[Site "Infinity Chess"]
[Date "2018.1.27"]
[Round "5"]
[White "hafaba"]
[Black "xeonrocks"]
[Result "1/2-1/2"]
[ECO "A05"]
[WhiteElo "2482"]
[BlackElo "2546"]
[WhiteEngine "SF SL FA 26012018 POPCNT_CTG"]
[BlackEngine "asmFishW_CTG"]
[EventType "Swiss"]
[WhiteTeam ""]
[BlackTeam ""]
[PlyCount "111"]
[TimeControl "720+1"]

1. Nf3 Nf6 2. d4 d5 3. c4 e6 4. Nc3 c6 5. e3 Nbd7 6. Be2 b6 7. Qc2 Bb7 
8. O-O Bd6 9. b3 O-O 10. Bb2 Qe7 11. Rfe1 h6 12. cxd5 cxd5 13. Nb5 Rfc8 
14. Qd3 Bb4 15. Rec1 Rxc1+ 16. Rxc1 Qd8 17. Ne5 a6 18. Nxd7 Qxd7 19. Ba3 Bxa3 
20. Nxa3 a5 21. Qc2 Rc8 22. Qb2 Ne4 23. f3 Nd6 24. Nb1 Ra8 25. Nc3 Ba6 
26. Bxa6 Rxa6 27. Kf1 h5 28. Kf2 Ra8 29. a4 Qd8 30. Qd2 Rc8 31. Ne2 Rb8 
32. Qd3 b5 33. Nc3 Qc7 34. Qd1 Nf5 35. g3 bxa4 36. Nb5 Qe7 37. bxa4 e5 
38. Qe1 h4 39. f4 exd4 40. exd4 Qf8 41. Qxa5 Ra8 42. Qc3 Rxa4 43. Qc8 Qxc8 
44. Rxc8+ Kh7 45. Kg2 Nxd4 46. Nxd4 Rxd4 47. Kh3 hxg3 48. hxg3 f6 49. Kh4 f5 
50. Kg5 Rc4 51. Rd8 Rc3 52. Rxd5 Rxg3+ 53. Kxf5 Kh6 54. Ke4 Rg1 55. Rd6+ g6 
56. Ra6 1/2-1/2

[Event "Saturday 27 January Rapid Engine Tour 12+1 Rounds 9 Starts 1600 ST"]
[Site "Infinity Chess"]
[Date "2018.1.27"]
[Round "4"]
[White "star99"]
[Black "Dovahkiin"]
[Result "1/2-1/2"]
[ECO "D31"]
[WhiteElo "2373"]
[BlackElo "2403"]
[WhiteEngine "Cryptic AIL V2"]
[BlackEngine "BrainFish_180113_x64_modern_CTG"]
[EventType "Swiss"]
[WhiteTeam ""]
[BlackTeam ""]
[PlyCount "129"]
[TimeControl "720+1"]

1. d4 d5 2. c4 e6 3. Nc3 c6 4. e3 Nf6 5. Nf3 Nbd7 6. Qc2 Bd6 7. Bd3 O-O 
8. O-O dxc4 9. Bxc4 a6 10. a4 c5 11. dxc5 Bxc5 12. Ne4 Nxe4 13. Qxe4 Qe7 
14. b3 Nf6 15. Qc2 h6 16. Bb2 b6 17. Rad1 Bb7 18. Qe2 Ne4 19. Nd2 Nxd2 
20. Rxd2 Qg5 21. f4 Qf5 22. Bd3 Be4 23. Bd4 Bxd3 24. Qxd3 Bxd4 25. exd4 Qxd3 
26. Rxd3 Rac8 27. d5 exd5 28. Rxd5 Rfe8 29. Rd3 Rc2 30. h3 Ree2 31. Rg3 h5 
32. Rd1 Red2 33. Rxd2 Rxd2 34. Rc3 Rb2 35. a5 bxa5 36. Rc8+ Kh7 37. Rc5 Ra2 
38. Rxh5+ Kg6 39. Rg5+ Kf6 40. h4 a4 41. bxa4 Rxa4 42. g3 Ra2 43. h5 g6 
44. h6 Ra1+ 45. Kg2 Ra2+ 46. Kf3 Rh2 47. Re5 Rxh6 48. Ra5 Rh1 49. Rxa6+ Kg7 
50. g4 Rf1+ 51. Kg3 Rg1+ 52. Kf3 Rf1+ 53. Ke3 Rb1 54. Ra7 Rb3+ 55. Ke4 Rb4+ 
56. Kf3 Rb3+ 57. Ke2 Rh3 58. Kf2 Rh2+ 59. Kg3 Rb2 60. g5 Rb3+ 61. Kf2 Rh3 
62. Ke2 Rb3 63. Kf2 Rh3 64. Ke2 Rb3 65. Kf2 1/2-1/2

[Event "Saturday 27 January Rapid Engine Tour 12+1 Rounds 9 Starts 1600 ST"]
[Site "Infinity Chess"]
[Date "2018.1.27"]
[Round "4"]
[White "Marsell"]
[Black "KillBill2017"]
[Result "1/2-1/2"]
[ECO "C53"]
[WhiteElo "2469"]
[BlackElo "2354"]
[WhiteEngine "asmFishW_2018-01-11_popcnt"]
[BlackEngine "Stockfish_x64_230118_Color_Contempt_pop_720mingw_CTG"]
[EventType "Swiss"]
[WhiteTeam ""]
[BlackTeam ""]
[PlyCount "147"]
[TimeControl "720+1"]

1. e4 e5 2. Nf3 Nc6 3. Bc4 Bc5 4. c3 Nf6 5. d3 d6 6. O-O a5 7. Bg5 Ba7 
8. Nbd2 h6 9. Bh4 g5 10. Bg3 O-O 11. a3 Kg7 12. Re1 g4 13. Nh4 Nh5 14. Nf1 Qf6 
15. Ne3 Bxe3 16. fxe3 Ne7 17. d4 Qg5 18. Bf2 a4 19. Bd3 Bd7 20. Rf1 g3 
21. hxg3 Nxg3 22. Bxg3 Qxg3 23. Qe1 Qxe1 24. Raxe1 Ra5 25. Rf2 f6 26. Ref1 Bg4 
27. Kh2 Bd7 28. Kg1 Bg4 29. Kh2 h5 30. Bc4 Bc8 31. Be2 Bd7 32. Kg1 Bb5 
33. Bxb5 Rxb5 34. Kh2 Kh6 35. Re2 Kg7 36. Ref2 Kg8 37. Kh3 Kg7 38. g3 Ng6 
39. Nf5+ Kf7 40. g4 hxg4+ 41. Kxg4 exd4 42. cxd4 Re8 43. e5 dxe5 44. Rc1 exd4 
45. Rxc7+ Kf8 46. exd4 Re4+ 47. Kg3 Rb3+ 48. Rc3 Rb6 49. Rc8+ Kf7 50. Rc7+ Ke6 
51. Ng7+ Kd5 52. Rd7+ Kc4 53. Rc7+ Kxd4 54. Rd2+ Ke3 55. Rcd7 Rf4 56. R2d3+ Ke2 
57. Rd2+ Ke3 58. R7d3+ Ke4 59. Rd4+ Ke5 60. Rd5+ Ke4 61. R2d4+ Ke3 62. Rd3+ Ke2 
63. Rd2+ Kf1 64. b4 Rc6 65. Rd1+ Ke2 66. R5d2+ Ke3 67. Rd3+ Ke2 68. R1d2+ Kf1 
69. Re3 Rc1 70. Rh2 Kg1 71. Rg2+ Kf1 72. Rh2 Kg1 73. Rg2+ Kf1 74. Rh2 1/2-1/2

[Event "Saturday 27 January Rapid Engine Tour 12+1 Rounds 9 Starts 1600 ST"]
[Site "Infinity Chess"]
[Date "2018.1.27"]
[Round "4"]
[White "Thinker"]
[Black "neófito"]
[Result "1-0"]
[ECO "C55"]
[WhiteElo "2434"]
[BlackElo "2433"]
[WhiteEngine "BrainFish_180124_x64_modern_CTG"]
[BlackEngine "asmfish-bmi2-012018-W_CTG"]
[EventType "Swiss"]
[WhiteTeam ""]
[BlackTeam ""]
[PlyCount "211"]
[TimeControl "720+1"]

1. e4 e5 2. Nf3 Nc6 3. Bc4 Nf6 4. d3 Bc5 5. c3 d6 6. O-O O-O 7. Bg5 h6 8. Bh4 g5 
9. Bg3 a6 10. a4 Ba7 11. Na3 g4 12. Bh4 gxf3 13. Qxf3 Kg7 14. Kh1 Nb8 
15. g4 Nbd7 16. Rg1 Rh8 17. Nc2 Rh7 18. Ne3 Qh8 19. d4 Kf8 20. Nf5 Ng8 
21. Rad1 Rb8 22. Qd3 Nb6 23. Bb3 Bd7 24. f4 exd4 25. cxd4 Re8 26. e5 Nc8 
27. Rg2 Bb6 28. Rf1 Nce7 29. Nxe7 Rxe7 30. Qe4 Re8 31. Qxb7 a5 32. Bc4 Qg7 
33. Qe4 Rh8 34. b3 c6 35. d5 Qh7 36. Qf3 h5 37. e6 hxg4 38. Qxg4 f5 39. Qg3 Bxe6 
40. dxe6 d5 41. Bd3 Bd4 42. Bg5 Rxe6 43. Re1 Rxe1+ 44. Qxe1 Qh3 45. Bc2 Nf6 
46. Bxf6 Bxf6 47. Qe6 Bd4 48. Qd6+ Kf7 49. Qc7+ Kf8 50. Qd8+ Kf7 51. Qd7+ Kf8 
52. Bxf5 Qe3 53. Qd8+ Qe8 54. Qxa5 Rh6 55. Rg5 Rd6 56. h3 Qe7 57. Rg2 Kf7 
58. Qa6 Qe3 59. Qb7+ Qe7 60. Qc8 Qe1+ 61. Kh2 Bg1+ 62. Rxg1 Qf2+ 63. Kh1 Qf3+ 
64. Kh2 Qf2+ 65. Rg2 Qxf4+ 66. Kg1 Qc1+ 67. Kf2 Qd2+ 68. Kf3 Qc3+ 69. Ke2 Qb2+ 
70. Kd1 Qxg2 71. Qc7+ Kf6 72. Qxd6+ Kxf5 73. Qxc6 Qf3+ 74. Kc2 Qe2+ 75. Kb1 Qe5 
76. Qc5 Qe1+ 77. Qc1 Qa5 78. Qe3 Kg6 79. Kb2 Kf7 80. Qc3 Qb6 81. a5 Qf2+ 
82. Ka3 Qa7 83. b4 Qb7 84. Kb3 Qa6 85. Qc7+ Kf8 86. Qd8+ Kf7 87. Qxd5+ Kg7 
88. Qd4+ Kf8 89. Qc4 Qg6 90. a6 Qb1+ 91. Ka4 Qd1+ 92. Kb5 Qd7+ 93. Qc6 Qd3+ 
94. Kb6 Qd8+ 95. Qc7 Qf6+ 96. Kb7 Qf3+ 97. Kb8 Qe2 98. Qc5+ Kf7 99. a7 Kf6 
100. a8=Q Qe8+ 101. Kb7 Qf7+ 102. Kb6 Qe6+ 103. Qac6 Kg7 104. Qxe6 Kh7 
105. Qef5+ Kg8 106. Qcf8# 1-0

[Event "Saturday 27 January Rapid Engine Tour 12+1 Rounds 9 Starts 1600 ST"]
[Site "Infinity Chess"]
[Date "2018.1.27"]
[Round "4"]
[White "incredible"]
[Black "BraveDevil"]
[Result "1/2-1/2"]
[ECO "C58"]
[WhiteElo "2416"]
[BlackElo "2441"]
[WhiteEngine "Houdini 6"]
[BlackEngine "Cryptic AIL V2"]
[EventType "Swiss"]
[WhiteTeam ""]
[BlackTeam ""]
[PlyCount "117"]
[TimeControl "720+1"]

1. e4 e5 2. Nf3 Nc6 3. Bc4 Nf6 4. Ng5 d5 5. exd5 Na5 6. Bb5+ c6 7. dxc6 bxc6 
8. Bd3 Nd5 9. h4 g6 10. Nc3 h6 11. Nxd5 cxd5 12. Nf3 Bd6 13. Bb5+ Kf8 14. d4 e4 
15. Ne5 h5 16. c4 Nxc4 17. Nxc4 dxc4 18. Bxc4 Bg4 19. Be2 Kg7 20. Bxg4 hxg4 
21. Qxg4 Rc8 22. g3 Bb4+ 23. Kf1 Qxd4 24. Be3 Qxb2 25. Kg2 Bc5 26. Bxc5 Rxc5 
27. Qxe4 Rc2 28. Rhf1 Rhc8 29. Rab1 Qf6 30. Rb3 R8c4 31. Qb7 Rc7 32. Qb4 Qe5 
33. Ra3 R7c4 34. Qe1 Qd4 35. Rf3 R4c3 36. Rxc3 Rxc3 37. Qa1 Kh7 38. a4 a5 
39. Rd1 Qe4+ 40. Kh2 Qc2 41. Rf1 Rf3 42. Qd4 Qd3 43. Qxd3 Rxd3 44. Kg2 Ra3 
45. Rd1 Rxa4 46. Kf3 Kg7 47. Rd7 Ra1 48. g4 a4 49. Ra7 Kf6 50. Ke4 a3 
51. Ra6+ Kg7 52. Ke5 Ra2 53. Ke4 Rxf2 54. Rxa3 Rh2 55. h5 gxh5 56. gxh5 Rxh5 
57. Rg3+ Kf6 58. Rf3+ Ke6 59. Rg3 1/2-1/2

[Event "Saturday 27 January Rapid Engine Tour 12+1 Rounds 9 Starts 1600 ST"]
[Site "Infinity Chess"]
[Date "2018.1.27"]
[Round "4"]
[White "Ninja_Bp"]
[Black "Prometheus"]
[Result "1/2-1/2"]
[ECO "A46"]
[WhiteElo "2458"]
[BlackElo "2460"]
[WhiteEngine "Houdini 6"]
[BlackEngine "Eman 1.67a-64bit-IDeA"]
[EventType "Swiss"]
[WhiteTeam ""]
[BlackTeam ""]
[PlyCount "125"]
[TimeControl "720+1"]

1. d4 Nf6 2. Nf3 e6 3. c4 b6 4. e3 Bb7 5. Bd3 d5 6. Nbd2 Bd6 7. O-O O-O 
8. Qc2 Na6 9. a3 c5 10. b3 Rc8 11. Bb2 cxd4 12. exd4 Nb8 13. Rfe1 Qe7 
14. Qd1 Rfd8 15. g3 Nbd7 16. Qe2 Qf8 17. b4 dxc4 18. Nxc4 Be7 19. Rac1 Nd5 
20. b5 a6 21. a4 axb5 22. axb5 Qe8 23. Nce5 Nb4 24. Bc4 Nf8 25. Nd2 h6 26. h4 f6 
27. Nd3 Bd6 28. Red1 Nd5 29. Ne1 Ng6 30. Ng2 Qd7 31. Bd3 Nge7 32. Nc4 Bb4 
33. Rc2 Nf5 34. Rdc1 Bf8 35. h5 Kh8 36. Rd1 Re8 37. Kh2 Rcd8 38. Rcc1 Rb8 
39. Re1 Bb4 40. Red1 Ra8 41. Ra1 Rxa1 42. Bxa1 Kg8 43. Rc1 Nd6 44. Nh4 Nxc4 
45. Bxc4 f5 46. Ng6 f4 47. gxf4 Bd6 48. Qg4 Qf7 49. Bxd5 Bxd5 50. Bb2 Ra8 
51. Kg3 Qd7 52. Qe2 Qf7 53. Qg4 Kh7 54. Rc3 Qf6 55. f3 Qf7 56. Ne5 Bxe5 
57. dxe5 Ra2 58. Rc7 Qxc7 59. Qg6+ Kh8 60. Qe8+ Kh7 61. Qg6+ Kh8 62. Qe8+ Kh7 
63. Qg6+ 1/2-1/2

[Event "Saturday 27 January Rapid Engine Tour 12+1 Rounds 9 Starts 1600 ST"]
[Site "Infinity Chess"]
[Date "2018.1.27"]
[Round "4"]
[White "Susanne"]
[Black "RonWeasley"]
[Result "1/2-1/2"]
[ECO "C07"]
[WhiteElo "2466"]
[BlackElo "2452"]
[WhiteEngine "BrainFish_x64_bmi2_CTG"]
[BlackEngine "BrainFish 060118_CTG"]
[EventType "Swiss"]
[WhiteTeam ""]
[BlackTeam ""]
[PlyCount "139"]
[TimeControl "720+1"]

1. e4 e6 2. d4 d5 3. Nd2 c5 4. Ngf3 cxd4 5. exd5 Qxd5 6. Bc4 Qd7 7. O-O Nc6 
8. Nb3 Nf6 9. Nbxd4 Nxd4 10. Nxd4 a6 11. Bb3 b6 12. Bf4 Bc5 13. Be5 Bb7 
14. c3 Qe7 15. Qd3 O-O 16. Qg3 Nh5 17. Qh3 g6 18. Rad1 Rad8 19. g4 Ng7 
20. Rfe1 Kh8 21. Bc2 Kg8 22. Bb3 Kh8 23. Bc2 Kg8 24. Qg3 f6 25. Bf4 Bxd4 
26. cxd4 Rd7 27. h3 Bd5 28. Bh6 Rfd8 29. Bb3 Ne8 30. Bxd5 Rxd5 31. Qb3 b5 
32. Rc1 Kf7 33. Be3 Qd7 34. Qc3 h5 35. Qc6 a5 36. Qxd7+ R8xd7 37. Rc5 hxg4 
38. hxg4 Nc7 39. Rec1 Na6 40. Rc6 Nb4 41. Rb6 Nxa2 42. Rc5 Nb4 43. Kg2 f5 
44. Rbxb5 Rxc5 45. Rxc5 Rd5 46. Rc7+ Ke8 47. Kf3 Rb5 48. Rg7 fxg4+ 49. Kxg4 Nd5 
50. Rxg6 Kf7 51. Rh6 Rxb2 52. Rh7+ Kf6 53. Ra7 Ra2 54. Bg5+ Kg6 55. Ra6 Nf6+ 
56. Bxf6 Kxf6 57. d5 Rxf2 58. Rxe6+ Kf7 59. Kg5 Rd2 60. Rh6 Rxd5+ 61. Kf4 a4 
62. Ra6 Rd4+ 63. Ke3 Rh4 64. Kd3 a3 65. Rb6 Ra4 66. Rb1 a2 67. Ra1 Ra3+ 
68. Kc2 Ra5 69. Kb3 Kg7 70. Rxa2 1/2-1/2

[Event "Saturday 27 January Rapid Engine Tour 12+1 Rounds 9 Starts 1600 ST"]
[Site "Infinity Chess"]
[Date "2018.1.27"]
[Round "4"]
[White "KRAKEN"]
[Black "Murx"]
[Result "1/2-1/2"]
[ECO "D43"]
[WhiteElo "2503"]
[BlackElo "2519"]
[WhiteEngine "Raubfisch X37b4_CTG"]
[BlackEngine "BrainFish_180113_x64_modern"]
[EventType "Swiss"]
[WhiteTeam ""]
[BlackTeam ""]
[PlyCount "158"]
[TimeControl "720+1"]

1. d4 d5 2. c4 e6 3. Nc3 Nf6 4. Nf3 c6 5. Bg5 h6 6. Bxf6 Qxf6 7. e3 Nd7 
8. Be2 g6 9. O-O Bg7 10. cxd5 exd5 11. b4 a6 12. a4 O-O 13. b5 Rb8 14. Qb3 Qd6 
15. Rfc1 Rd8 16. Qa2 axb5 17. axb5 Nf8 18. Na4 Ne6 19. Ne1 Bd7 20. bxc6 bxc6 
21. Nd3 Ra8 22. Qc2 Rdb8 23. Nac5 Nxc5 24. Nxc5 Bf5 25. Bd3 Bc8 26. Rxa8 Rxa8 
27. Bf1 Qd8 28. Nd3 Bd7 29. g3 h5 30. h4 Rb8 31. Kh2 Rb6 32. Bh3 Bxh3 
33. Kxh3 Bf8 34. Ne5 Qe8 35. Kg2 Kg7 36. Qa4 Bd6 37. Nf3 Qc8 38. Ng5 Qf5 
39. Qc2 Qf6 40. Ra1 Qe7 41. Ra2 Qd7 42. Nf3 Qc7 43. Qa4 Rb5 44. Rc2 Qb7 
45. Re2 Bb4 46. Rc2 Bd6 47. Ra2 Qc7 48. Qa6 Rb6 49. Qe2 Qd7 50. Qc2 Qc7 
51. Qd1 Qc8 52. Qa4 Rb5 53. Ng1 Qc7 54. Nf3 Rb4 55. Qa5 Rb6 56. Ng5 Be7 
57. Rb2 Bd8 58. Ra2 Be7 59. Nf3 Bd6 60. Qa8 Rb8 61. Qa6 Rb6 62. Qe2 Qb7 
63. Ng5 Be7 64. Qf3 Bf6 65. Qf4 Rb1 66. g4 hxg4 67. Qxg4 Rc1 68. Nf3 Qb1 
69. Ra7 Rh1 70. Qe6 Qf1+ 71. Kg3 Bxh4+ 72. Nxh4 Kh6 73. Qxf7 Qh3+ 74. Kf4 Qh2+ 
75. Kf3 Qh3+ 76. Ke2 Qf1+ 77. Kf3 Qh3+ 78. Ke2 Qf1+ 79. Kf3 Qh3+ 1/2-1/2

[Event "Saturday 27 January Rapid Engine Tour 12+1 Rounds 9 Starts 1600 ST"]
[Site "Infinity Chess"]
[Date "2018.1.27"]
[Round "4"]
[White "xeonrocks"]
[Black "Gilgamesch"]
[Result "1-0"]
[ECO "C53"]
[WhiteElo "2532"]
[BlackElo "2470"]
[WhiteEngine "asmFishW_CTG"]
[BlackEngine "BrainFish_171005_x64_bmi2"]
[EventType "Swiss"]
[WhiteTeam ""]
[BlackTeam ""]
[PlyCount "159"]
[TimeControl "720+1"]

1. e4 e5 2. Nf3 Nc6 3. Bc4 Bc5 4. c3 Nf6 5. d4 exd4 6. e5 d5 7. Bb5 Ne4 
8. cxd4 Bb6 9. O-O Bg4 10. a4 a5 11. Nc3 O-O 12. Bxc6 bxc6 13. h3 Bh5 14. Be3 f6 
15. g4 Be8 16. exf6 Nxf6 17. Ne5 Qd6 18. Rc1 Nd7 19. f4 Nxe5 20. fxe5 Rxf1+ 
21. Kxf1 Qb4 22. Rc2 Bg6 23. Rf2 Re8 24. Qd2 Ba7 25. Kg2 Rb8 26. Kg3 Qe7 
27. h4 h6 28. h5 Bf7 29. Rf5 Rb4 30. Ne2 Be6 31. Rf4 Rxa4 32. Qd3 Bd7 
33. Qa6 Bb8 34. Bd2 Ra1 35. Nc1 Qe8 36. Qb7 Be6 37. Rf3 Bd7 38. Ne2 Kh7 
39. Qa6 Qe6 40. Qd3+ Kg8 41. Qg6 Ba7 42. Qxe6+ Bxe6 43. Be3 Re1 44. Nf4 Rxe3 
45. Rxe3 Bxd4 46. Rd3 Bxe5 47. Re3 Bxf4+ 48. Kxf4 Kf7 49. Rc3 Bd7 50. Ra3 a4 
51. Rxa4 Ke7 52. Ra5 Kd6 53. b4 Bc8 54. Ra1 Be6 55. Re1 Bg8 56. g5 hxg5+ 
57. Kxg5 d4 58. Kg6 Bb3 59. Kxg7 d3 60. Re8 Be6 61. Rd8+ Bd7 62. Ra8 Ke5 
63. Ra5+ Kd4 64. Kf6 d2 65. Ra1 Bg4 66. h6 d1=Q 67. Rxd1+ Bxd1 68. h7 Ba4 
69. h8=Q Bb5 70. Qd8+ Kc4 71. Qxc7 Kc3 72. Ke5 Kd2 73. Kd4 Kc2 74. Qh2+ Kb3 
75. Qg3+ Kb2 76. Qc3+ Ka2 77. Qc2+ Ka3 78. Kc3 Bc4 79. Kxc4 c5 80. Qb3# 1-0

[Event "Saturday 27 January Rapid Engine Tour 12+1 Rounds 9 Starts 1600 ST"]
[Site "Infinity Chess"]
[Date "2018.1.27"]
[Round "4"]
[White "MiKachomiKa QueeN"]
[Black "IronMan"]
[Result "1/2-1/2"]
[ECO "C65"]
[WhiteElo "2436"]
[BlackElo "2414"]
[WhiteEngine "stockfish_18012314_x64_modern_CTG"]
[BlackEngine "SF SL FA 250118-IDeA"]
[EventType "Swiss"]
[WhiteTeam ""]
[BlackTeam ""]
[PlyCount "74"]
[TimeControl "720+1"]

1. e4 e5 2. Nf3 Nc6 3. Bb5 Nf6 4. d3 Bc5 5. c3 O-O 6. Bxc6 bxc6 7. Nxe5 d5 
8. d4 Bb6 9. O-O Nxe4 10. Nxc6 Qd6 11. Nb4 Re8 12. Re1 a5 13. Nd3 Ba6 14. Be3 c6 
15. Ne5 f6 16. Nd3 Re6 17. Nf4 Re7 18. Nd2 Bc7 19. g3 Qd7 20. Ng2 Rae8 
21. Nxe4 Rxe4 22. Rc1 Bd6 23. b3 g5 24. Rc2 R4e7 25. Bc1 Rxe1+ 26. Nxe1 Qe6 
27. Be3 h6 28. Ng2 Kg7 29. f4 a4 30. b4 gxf4 31. Bxf4 Bxf4 32. Nxf4 Qe1+ 
33. Qxe1 Rxe1+ 34. Kf2 Rb1 35. Ne6+ Kg6 36. Nc5 Bb5 37. Kf3 h5 1/2-1/2

[Event "Saturday 27 January Rapid Engine Tour 12+1 Rounds 9 Starts 1600 ST"]
[Site "Infinity Chess"]
[Date "2018.1.27"]
[Round "4"]
[White "angriff"]
[Black "hafaba"]
[Result "1/2-1/2"]
[ECO "A40"]
[WhiteElo "2383"]
[BlackElo "2486"]
[WhiteEngine "Stockfish SL FA POPCNT_CTG"]
[BlackEngine "SF SL FA 26012018 POPCNT_CTG"]
[EventType "Swiss"]
[WhiteTeam ""]
[BlackTeam ""]
[PlyCount "197"]
[TimeControl "720+1"]

1. d4 c6 2. e4 d5 3. Nd2 dxe4 4. Nxe4 Bf5 5. Ng3 Bg6 6. Nf3 e6 7. Be2 Nf6 
8. O-O Bd6 9. Re1 Nbd7 10. Nh4 Ng8 11. Nxg6 hxg6 12. h3 Qh4 13. Nf1 Ngf6 
14. c3 Ne4 15. Be3 Ng5 16. Bg4 Nf6 17. Nd2 O-O-O 18. a4 Nd5 19. Bxg5 Qxg5 
20. Ne4 Qh6 21. Bf3 Nf4 22. a5 a6 23. Nxd6+ Rxd6 24. Qb3 g5 25. Ra4 g4 
26. Bxg4 Qg5 27. Rb4 Rd7 28. d5 Qxd5 29. Qxd5 Nxd5 30. Rd4 Ne7 31. Rxd7 Kxd7 
32. Kh2 Kd6 33. Rd1+ Kc7 34. f4 Nd5 35. Kg3 Nf6 36. Be2 Nd5 37. Bf3 Ne3 
38. Re1 Nf5+ 39. Kf2 Ne7 40. Rh1 Rd8 41. Re1 Rh8 42. Rh1 Rd8 43. Rd1 Rh8 
44. Ke3 Nf5+ 45. Kf2 Ne7 46. Re1 Nc8 47. Rh1 Rd8 48. Re1 Rh8 49. Rh1 Rd8 
50. Rb1 Rh8 51. Rf1 Ne7 52. Rd1 Rh4 53. Bg4 Rh8 54. Re1 Rd8 55. Bh5 g6 
56. Bf3 Rh8 57. Rh1 Rd8 58. Rd1 Rh8 59. Kg3 Nf5+ 60. Kf2 Ne7 61. Rh1 Rd8 
62. Re1 Rh8 63. Be2 Nd5 64. Kg3 b6 65. axb6+ Kxb6 66. Ra1 a5 67. Kg4 Nf6+ 
68. Kf3 Rd8 69. Ke3 Nd5+ 70. Ke4 Rh8 71. Bc4 Rd8 72. Be2 Ne7 73. Rd1 Rb8 
74. Ra1 Rd8 75. Rd1 Rb8 76. Bf3 Kc7 77. Ke5 Rxb2 78. Kf6 Nf5 79. Kxf7 Nh4 
80. Kxe6 Nxg2 81. Bxg2 Rxg2 82. Kf7 Kb6 83. h4 a4 84. Rh1 a3 85. f5 gxf5 
86. h5 a2 87. h6 f4 88. h7 a1=Q 89. Rxa1 Rh2 90. Kg7 Rg2+ 91. Kf8 Rh2 
92. Rb1+ Kc5 93. Rb7 f3 94. Kg7 f2 95. Rf7 Rg2+ 96. Kf8 Rh2 97. Kg7 Rg2+ 
98. Kf8 Rh2 99. Kg7 1/2-1/2

[Event "Saturday 27 January Rapid Engine Tour 12+1 Rounds 9 Starts 1600 ST"]
[Site "Infinity Chess"]
[Date "2018.1.27"]
[Round "3"]
[White "Dovahkiin"]
[Black "KillBill2017"]
[Result "1/2-1/2"]
[ECO "C50"]
[WhiteElo "2405"]
[BlackElo "2352"]
[WhiteEngine "BrainFish_180113_x64_modern_CTG"]
[BlackEngine "Stockfish_x64_230118_Color_Contempt_pop_720mingw_CTG"]
[EventType "Swiss"]
[WhiteTeam ""]
[BlackTeam ""]
[PlyCount "185"]
[TimeControl "720+1"]

1. e4 e5 2. Nf3 Nc6 3. Bc4 Bc5 4. O-O Nf6 5. d3 d6 6. c3 O-O 7. Re1 a5 
8. Nbd2 h6 9. h3 Be6 10. Bb5 Qb8 11. Nf1 Qa7 12. Be3 Bxe3 13. Nxe3 Ne7 
14. a4 Ng6 15. Bc4 Bd7 16. Nh2 Be6 17. Nhg4 Nxg4 18. hxg4 Bxc4 19. Nxc4 Nf4 
20. g3 Ne6 21. Kg2 Qb8 22. Ne3 Re8 23. Rh1 Qd8 24. Qd2 f6 25. d4 exd4 
26. cxd4 c5 27. dxc5 dxc5 28. Qc2 Qb6 29. b3 Rad8 30. Rad1 Rxd1 31. Rxd1 Nd4 
32. Qc4+ Kh7 33. Nf5 Rd8 34. Rd3 Rd7 35. f3 Qc7 36. Ne3 b6 37. Nd5 Qd6 
38. Qa6 Qe5 39. Nf4 Rd6 40. Qb7 Qe8 41. Qc7 Rc6 42. Qa7 Rd6 43. Qb7 Kh8 
44. Kf2 Kh7 45. Nh5 Qf8 46. Nf4 Qe8 47. Nh5 Qf8 48. Kg2 Kg8 49. Nf4 Qf7 
50. Qa6 Kh7 51. Qc4 Qe7 52. Nd5 Qe5 53. Rd1 Rd8 54. Rd3 Rd6 55. Nf4 Qe7 
56. Kf2 Rd7 57. Nd5 Qe6 58. Rd1 Rd8 59. Qd3 Rb8 60. Qc4 Qe5 61. Nc3 Rd8 
62. Rd3 Rd6 63. Rd1 Rd7 64. Ne2 Rd8 65. Nf4 Qe7 66. Nd5 Qd6 67. Kg2 Rb8 
68. Nc3 Rd8 69. Rd3 Qe5 70. Kf2 Rf8 71. Qd5 Qe7 72. Rd1 Rb8 73. Qc4 Rd8 
74. Rd2 Qd6 75. Rd3 Qe5 76. Qf7 Rd6 77. Nd5 Nc6 78. Rd2 Qg5 79. f4 Qxg4 
80. Qc7 Rxd5 81. exd5 Nd4 82. Rxd4 cxd4 83. Qc4 Qd1 84. d6 d3 85. Qe4+ f5 
86. Qxf5+ Kh8 87. Qc8+ Kh7 88. d7 Qe2+ 89. Kg1 Qd1+ 90. Kf2 Qe2+ 91. Kg1 Qe1+ 
92. Kh2 Qe2+ 93. Kg1 1/2-1/2

[Event "Saturday 27 January Rapid Engine Tour 12+1 Rounds 9 Starts 1600 ST"]
[Site "Infinity Chess"]
[Date "2018.1.27"]
[Round "3"]
[White "star99"]
[Black "Marsell"]
[Result "1/2-1/2 "]
[ECO "D45"]
[WhiteElo "2369"]
[BlackElo "2473"]
[WhiteEngine "Cryptic AIL V2"]
[BlackEngine "asmFishW_2018-01-11_popcnt"]
[EventType "Swiss"]
[WhiteTeam ""]
[BlackTeam ""]
[PlyCount "123"]
[TimeControl "720+1"]

1. d4 d5 2. c4 e6 3. Nc3 Nf6 4. Nf3 c6 5. e3 Nbd7 6. Qc2 Bd6 7. Bd3 dxc4 
8. Bxc4 O-O 9. O-O a6 10. Rd1 b5 11. Bd3 Bb7 12. Ng5 h6 13. Nge4 Be7 14. a3 a5 
15. Rb1 Nxe4 16. Nxe4 b4 17. b3 Qc8 18. Nc5 Nxc5 19. dxc5 Rd8 20. axb4 axb4 
21. Bd2 Bxc5 22. Bh7+ Kh8 23. Qxc5 Kxh7 24. Qc2+ Kh8 25. Bxb4 f6 26. h3 e5 
27. Kh2 Rd5 28. f3 Qe8 29. e4 Rxd1 30. Rxd1 Kh7 31. Rd6 Rd8 32. Rxd8 Qxd8 
33. Qc4 Qd7 34. Kg3 Qd1 35. Qf7 Bc8 36. Bf8 Qd7 37. Qxd7 Bxd7 38. b4 g5 
39. h4 Be6 40. hxg5 hxg5 41. Bc5 Kg6 42. Bf8 Kf7 43. Bd6 Kg7 44. Bc5 Kg6 
45. Bd6 Kf7 46. Kf2 Bc4 47. g4 Bb3 48. Ke3 Be6 49. Ke2 Bc4+ 50. Kf2 Bb3 
51. Kg3 Kg6 52. Be7 Bc2 53. Bd6 Bb3 54. Bc5 Be6 55. Kf2 Bf7 56. Kg3 Bc4 
57. Kf2 Kf7 58. Ke3 Be6 59. Bd6 Bc4 60. Kd2 Ke6 61. Bc5 Ba6 62. Ke3 1/2-1/2

[Event "Saturday 27 January Rapid Engine Tour 12+1 Rounds 9 Starts 1600 ST"]
[Site "Infinity Chess"]
[Date "2018.1.27"]
[Round "3"]
[White "Thinker"]
[Black "incredible"]
[Result "1/2-1/2"]
[ECO "C55"]
[WhiteElo "2435"]
[BlackElo "2415"]
[WhiteEngine "BrainFish_180124_x64_modern_CTG"]
[BlackEngine "Houdini 6"]
[EventType "Swiss"]
[WhiteTeam ""]
[BlackTeam ""]
[PlyCount "108"]
[TimeControl "720+1"]

1. e4 e5 2. Nf3 Nc6 3. Bc4 Nf6 4. d3 Bc5 5. c3 a5 6. O-O d6 7. h3 h6 8. a4 Ba7 
9. Re1 g5 10. Qb3 Rh7 11. Be3 Bxe3 12. Rxe3 g4 13. hxg4 Nxg4 14. Re1 h5 
15. Nbd2 h4 16. Kf1 Qf6 17. Ke2 Ne7 18. Rh1 Ng6 19. g3 h3 20. Raf1 b6 21. d4 Ne7 
22. Kd1 h2 23. Kc1 exd4 24. cxd4 Kf8 25. Bb5 Rh5 26. Kb1 d5 27. e5 Bf5+ 
28. Ka1 Qh6 29. Nb1 c5 30. Be2 Rh3 31. Nc3 Rd8 32. e6 c4 33. Qxb6 Re8 
34. Nh4 Qxe6 35. Qc7 Bd3 36. Bxg4 Qxg4 37. Re1 Be4 38. Nxe4 dxe4 39. Qxa5 Qd7 
40. Rxe4 c3 41. bxc3 Qc6 42. d5 Nxd5 43. Rxe8+ Kxe8 44. Qb5 Qxb5 45. axb5 Nxc3 
46. Nf3 Nxb5 47. Rxh2 Rxh2 48. Nxh2 Nc3 49. Nf1 Ke7 50. f4 Ke6 51. Kb2 Ne2 
52. Kc2 Kf5 53. Kd3 Nxf4+ 54. gxf4 Kxf4 1/2-1/2